[Event "ICC tourney 2069 (15 5)"]
[Site "Internet Chess Club"]
[Date "2020.10.18"]
[Round "2"]
[White "jjplaman"]
[Black "prajit5803"]
[Result "1-0"]
[ICCResult "Black checkmated"]
[WhiteElo "1415"]
[BlackElo "1145"]
[Opening "Caro-Kann defense"]
[ECO "B10"]
[NIC "CK.01"]
[Time "13:01:17"]
[TimeControl "900+5"]

1. e4 c6 2. Nf3 d5 3. exd5 cxd5 4. d4 Nf6 5. Nc3 Nc6 6. Bb5 a6 7. Ba4 b5 8.
Bb3 Bg4 9. O-O e6 10. h3 Bxf3 11. Qxf3 Nxd4 12. Qd3 Nxb3 13. axb3 Bd6 14.
Bg5 Be7 15. Rfe1 O-O 16. Qg3 Nh5 17. Bxe7 Qxe7 18. Qg4 Nf6 19. Qg5 Qd7 20.
Re3 h6 21. Qh4 Rfc8 22. Rg3 Kh8 23. Rd1 Qb7 24. Rdd3 Ne4 25. Rg4 Nxc3 26.
bxc3 Rg8 27. Rdg3 Rae8 28. Rxg7 Rxg7 29. Qxh6+ Rh7 30. Qf6+ Rg7 31. Qxg7#
{Black checkmated}
1-0

[Event "ICC tourney 2069 (15 5)"]
[Site "Internet Chess Club"]
[Date "2020.10.18"]
[Round "2"]
[White "Hydra88"]
[Black "guineapig25"]
[Result "0-1"]
[ICCResult "White resigns"]
[WhiteElo "1480"]
[BlackElo "2021"]
[Opening "Sicilian: Sozin, not Scheveningen"]
[ECO "B57"]
[NIC "SI.25"]
[Time "13:01:05"]
[TimeControl "900+5"]

1. e4 c5 2. Nf3 d6 3. d4 cxd4 4. Nxd4 Nf6 5. Nc3 Nc6 6. Bc4 Bd7 7. Nxc6 Bxc6
8. e5 dxe5 9. Qxd8+ Rxd8 10. O-O e6 11. Bg5 Be7 12. Bxf6 Bxf6 13. Rad1 Ke7
14. Bb5 Bxb5 15. Nxb5 a6 16. Nc3 Rd4 17. Rxd4 exd4 18. Ne4 Rc8 19. Rc1 e5
20. Kf1 Ke6 21. Ke2 Be7 22. Kd3 f5 23. Nd2 Bf6 24. f3 b5 25. Nb3 Kd5 26. Re1
Re8 27. Nd2 Bg5 28. c3 Bxd2 29. Kxd2 e4 30. cxd4 Kxd4 31. fxe4 fxe4 32. Rf1
Rc8 33. Rf4 Rc6 34. Rg4 Rg6 35. Rxg6 hxg6 36. b3 b4 37. h4 e3+ 38. Ke2 Ke4
39. g4 Kd4 40. h5 gxh5 41. gxh5 Ke4 42. Ke1 Kd3 43. Kd1 e2+ 44. Ke1 Ke3 45.
h6 gxh6 46. a4 bxa3 47. b4 a2 48. b5 a1=N {White resigns} 0-1

[Event "ICC tourney 2069 (15 5)"]
[Site "Internet Chess Club"]
[Date "2020.10.18"]
[Round "2"]
[White "arya2"]
[Black "chessprogidy"]
[Result "1/2-1/2"]
[ICCResult "Game drawn by mutual agreement"]
[WhiteElo "1912"]
[BlackElo "1441"]
[Opening "Sicilian: chameleon variation"]
[ECO "B23"]
[NIC "SI.44"]
[Time "13:01:11"]
[TimeControl "900+5"]

1. e4 c5 2. Nc3 Nc6 3. Nge2 g6 4. g3 Bg7 5. Bg2 d6 6. O-O Nf6 7. d3 O-O 8.
f4 Bd7 9. Be3 a6 10. a4 Qc7 11. h3 Rab8 12. g4 b5 13. axb5 axb5 14. Ng3 b4
15. Nce2 Qb6 16. f5 b3 17. c3 Ra8 18. Qd2 Ra6 19. Rxa6 Qxa6 20. Bh6 Bxh6 21.
Qxh6 Qxd3 22. fxg6 hxg6 23. Kh2 Ne5 24. Nf4 Qxf1 25. Qg5 Nf3+ 26. Bxf3 Qxf3
27. Nxg6 Qf2+ 28. Kh1 fxg6 29. Qxg6+ Kh8 {Game drawn by mutual agreement}
1/2-1/2

[Event "ICC tourney 2069 (15 5)"]
[Site "Internet Chess Club"]
[Date "2020.10.18"]
[Round "2"]
[White "turtinator"]
[Black "arjun052412"]
[Result "1-0"]
[ICCResult "Black checkmated"]
[WhiteElo "1412"]
[BlackElo "1056"]
[Opening "Scandinavian (center counter) defense"]
[ECO "B01"]
[NIC "VO.17"]
[Time "13:01:44"]
[TimeControl "900+5"]

1. e4 d5 2. exd5 Qxd5 3. Nf3 Nf6 4. Nc3 Qa5 5. Bc4 Bf5 6. O-O e6 7. d4 c6 8.
Bf4 Be7 9. Re1 O-O 10. Re5 Qd8 11. h3 Nbd7 12. Re3 c5 13. d5 exd5 14. Nxd5
Nxd5 15. Bxd5 b5 16. Bxa8 Qxa8 17. Rxe7 Nf6 18. Re5 Qc8 19. Qe2 b4 20. Qc4
Nd7 21. Rxf5 g6 22. Rg5 Re8 23. Be3 Qc7 24. Rd1 Qc6 25. Qd5 Qb5 26. Qxd7
Qxd7 27. Rxd7 Rc8 28. Rxc5 Rb8 29. Bh6 f6 30. Rg7+ Kh8 31. Rcc7 a6 32. Rxh7+
Kg8 33. Rcg7+ Kf8 34. Rh8# {Black checkmated} 1-0

[Event "ICC tourney 2069 (15 5)"]
[Site "Internet Chess Club"]
[Date "2020.10.18"]
[Round "2"]
[White "Deng16"]
[Black "chessrex"]
[Result "0-1"]
[ICCResult "White checkmated"]
[WhiteElo "1348"]
[BlackElo "2006"]
[Opening "Philidor's defense"]
[ECO "C41"]
[NIC "KP.10"]
[Time "13:01:08"]
[TimeControl "900+5"]

1. e4 e5 2. Nf3 d6 3. Nc3 f5 4. d3 c6 5. Be2 f4 6. d4 Qf6 7. dxe5 dxe5 8. b3
Bd6 9. Bb2 Nh6 10. Qd2 Nf7 11. O-O-O Bc7 12. g3 fxg3 13. hxg3 Bg4 14. Nh4
Be6 15. Ba3 Nd7 16. Nf5 Bxf5 17. exf5 O-O-O 18. Bd3 e4 19. Bxe4 Nc5 20. Qe3
Nxe4 21. Qxe4 Qxc3 22. Qe6+ Kb8 23. Bb2 Qa5 24. Qxf7 Qxa2 25. Qxg7 Rhg8 26.
Rxd8+ Rxd8 27. Rxh7 Qa5 28. f4 Qe1# {White checkmated} 0-1

[Event "ICC tourney 2069 (15 5)"]
[Site "Internet Chess Club"]
[Date "2020.10.18"]
[Round "2"]
[White "GGuseinov"]
[Black "SenileOyster"]
[Result "1-0"]
[ICCResult "Black checkmated"]
[WhiteElo "2717"]
[BlackElo "1681"]
[Opening "Scandinavian (center counter) defense"]
[ECO "B01"]
[NIC "SD.02"]
[Time "13:01:37"]
[TimeControl "900+5"]

1. e4 d5 2. exd5 Qxd5 3. Nc3 Qd8 4. d4 Nf6 5. Nf3 Bg4 6. h3 Bh5 7. g4 Bg6 8.
Ne5 Nbd7 9. Bg2 c6 10. Qe2 e6 11. h4 Nd5 12. Nxd5 Nxe5 13. dxe5 cxd5 14. h5
Be4 15. f3 Bxc2 16. Qxc2 Bb4+ 17. Bd2 Qa5 18. Bxb4 Qxb4+ 19. Qc3 Qb6 20. h6
g6 21. Qb3 Qc5 22. Qa3 Qd4 23. Rd1 Qxe5+ 24. Kf2 Rc8 25. Qa4+ Ke7 26. Qb4+
Kf6 27. f4 Rc2+ 28. Rd2 Rxd2+ 29. Qxd2 Qb8 30. g5+ Ke7 31. Qb4+ Kd7 32. Rc1
Rc8 33. Rxc8 Qxc8 34. Qc3 Qb8 35. Kg3 Qd6 36. Qg7 d4 37. Qxf7+ Kd8 38. Qg8+
Kd7 39. Qxh7+ Kd8 40. Qh8+ Kd7 41. Qg7+ Kd8 42. h7 d3 43. h8=Q+ Qf8 44.
Qhxf8# {Black checkmated} 1-0

[Event "ICC tourney 2069 (15 5)"]
[Site "Internet Chess Club"]
[Date "2020.10.18"]
[Round "2"]
[White "kushood"]
[Black "MikeVillages57"]
[Result "1-0"]
[ICCResult "Black resigns"]
[WhiteElo "1522"]
[BlackElo "1307"]
[Opening "QGD: Grau (Sahovic) defense"]
[ECO "D06"]
[NIC "QP.08"]
[Time "13:01:32"]
[TimeControl "900+5"]

1. d4 d5 2. c4 Bf5 3. Nc3 e6 4. Nf3 c6 5. e3 h6 6. Bd3 Bxd3 7. Qxd3 Nf6 8.
O-O Nbd7 9. Re1 Bd6 10. b3 O-O 11. Bb2 Rc8 12. cxd5 exd5 13. Re2 a6 14. Rae1
c5 15. e4 dxe4 16. Nxe4 cxd4 17. Nxd6 Rc6 18. Nc4 b5 19. Nce5 Nxe5 20. Nxe5
Rc8 21. Nf3 Nd5 22. Qxd4 Nc3 23. Bxc3 {Black resigns} 1-0

[Event "ICC tourney 2069 (15 5)"]
[Site "Internet Chess Club"]
[Date "2020.10.18"]
[Round "2"]
[White "lucasnc"]
[Black "hi321"]
[Result "0-1"]
[ICCResult "White checkmated"]
[WhiteElo "1240"]
[BlackElo "1421"]
[Opening "QGD: 4.Bg5"]
[ECO "D50"]
[NIC "QO.16"]
[Time "13:01:47"]
[TimeControl "900+5"]

1. d4 d5 2. c4 e6 3. Nc3 Nf6 4. Bg5 Bb4 5. Qa4+ Nc6 6. O-O-O Bxc3 7. bxc3 h6
8. Bxf6 Qxf6 9. cxd5 exd5 10. e3 Qxf2 11. Bb5 Qxe3+ 12. Rd2 Qxc3+ 13. Rc2
Qa1+ 14. Kd2 O-O 15. Bxc6 bxc6 16. Qxc6 Bf5 17. Rc3 Qxa2+ 18. Ke3 Rfe8+ 19.
Kf3 Be4+ 20. Kf4 g5+ 21. Kg4 Kg7 22. Kh5 Bg6+ 23. Kg4 Qxg2+ 24. Rg3 f5#
{White checkmated}
0-1

[Event "ICC tourney 2069 (15 5)"]
[Site "Internet Chess Club"]
[Date "2020.10.18"]
[Round "2"]
[White "arjun-venkat"]
[Black "BreatheChessAls"]
[Result "0-1"]
[ICCResult "White resigns"]
[WhiteElo "1345"]
[BlackElo "1931"]
[Opening "Sicilian: Labourdonnais-Löwenthal variation"]
[ECO "B32"]
[NIC "SI.32"]
[Time "13:01:03"]
[TimeControl "900+5"]

1. e4 c5 2. Nf3 Nc6 3. d4 cxd4 4. Nxd4 e5 5. Nf3 Nf6 6. Nc3 Bb4 7. Bd3 d5 8.
exd5 Nxd5 9. Bd2 Nxc3 10. Bxc3 Bxc3+ 11. bxc3 O-O 12. O-O Be6 13. Be4 Qf6
14. Bxc6 bxc6 15. Qd6 Bd5 16. Qxe5 Qg6 17. Qg3 Qxc2 18. Rfc1 Qg6 19. c4 Bxf3
20. Qxf3 Rab8 21. Qg3 Rfe8 22. Qxg6 hxg6 23. g3 Re2 24. Re1 Rbb2 25. Rxe2
Rxe2 26. Kf1 Rc2 27. c5 Rxc5 28. Ke2 Rc2+ 29. Ke3 Kf8 30. h4 a5 31. f3 a4
32. Kd3 Rb2 33. g4 a3 34. Rc1 Rxa2 35. Rxc6 Rf2 36. Ke3 Rb2 37. Kd3 Rb3+ 38.
Ke4 Rb4+ 39. Kd3 Ra4 40. Rc1 a2 41. Ra1 Ke7 42. Kc2 Kd6 43. Kd3 Ke5 44. g5
Kf4 45. Ke2 Kg3 46. Ke3 Kxh4 47. f4 Kg4 48. Rg1+ Kf5 49. Ra1 Ra3+ 50. Kd4
Kxf4 51. Kc4 Kxg5 52. Kb4 Ra8 53. Kc4 f5 54. Kd4 Kf6 55. Ke3 g5 56. Kf3 Ra3+
57. Kg2 g4 58. Kh2 Kg5 59. Kg2 f4 60. Kf2 {White resigns} 0-1

[Event "ICC tourney 2069 (15 5)"]
[Site "Internet Chess Club"]
[Date "2020.10.18"]
[Round "2"]
[White "WCCJCM"]
[Black "caratclownery"]
[Result "0-1"]
[ICCResult "White resigns"]
[WhiteElo "1489"]
[BlackElo "1876"]
[Opening "Sicilian: Taimanov variation"]
[ECO "B45"]
[NIC "SI.39"]
[Time "13:01:47"]
[TimeControl "900+5"]

1. e4 c5 2. Nf3 Nc6 3. d4 cxd4 4. Nxd4 e6 5. Nc3 Bc5 6. Nxc6 bxc6 7. Be2 Nf6
8. O-O O-O 9. Bg5 h6 10. Bh4 Be7 11. Kh1 d5 12. e5 Nd7 13. Bxe7 Qxe7 14. f4
c5 15. Nb5 Bb7 16. Nd6 Bc6 17. c3 f6 18. Nb5 fxe5 19. fxe5 Nxe5 20. Na3 Qg5
21. Nc2 d4 22. Rg1 Rf2 23. Bf3 Nxf3 24. gxf3 Qf4 {White resigns} 0-1

[Event "ICC tourney 2069 (15 5)"]
[Site "Internet Chess Club"]
[Date "2020.10.18"]
[Round "2"]
[White "Goran21"]
[Black "tidalwave09"]
[Result "1-0"]
[ICCResult "Black resigns"]
[WhiteElo "2078"]
[BlackElo "1466"]
[Opening "Sicilian: Nimzovich-Rossolimo attack (without ...d6)"]
[ECO "B30"]
[NIC "SI.31"]
[Time "13:01:47"]
[TimeControl "900+5"]

1. e4 c5 2. Nf3 Nc6 3. Bb5 Nd4 4. Nxd4 cxd4 5. O-O g6 6. c3 Bg7 7. d3 a6 8.
Bc4 e6 9. cxd4 Bxd4 10. Nc3 Ne7 11. Bh6 Ng8 12. Be3 Bg7 13. a4 Ne7 14. d4
O-O 15. d5 exd5 16. exd5 d6 17. a5 Bf5 18. Bd4 Rc8 19. Bxg7 Kxg7 20. Qd4+
Kg8 21. g4 Bd7 22. Ne4 Nf5 23. gxf5 f6 24. Nxd6 Rc7 25. Ne4 Kg7 26. Ng3 Qc8
27. b3 Bxf5 28. d6 Rc6 29. Rad1 Bd7 30. Rfe1 Re8 31. Re7+ Rxe7 32. dxe7 Rc7
33. Ne4 h6 34. Qxf6+ Kh7 35. Qf7+ Kh8 36. Nf6 {Black resigns} 1-0

[Event "ICC tourney 2069 (15 5)"]
[Site "Internet Chess Club"]
[Date "2020.10.18"]
[Round "2"]
[White "steinutz"]
[Black "TjkTiger"]
[Result "0-1"]
[ICCResult "White checkmated"]
[WhiteElo "1766"]
[BlackElo "2601"]
[Opening "Trompowsky attack (Ruth, Opocenský opening)"]
[ECO "A45"]
[NIC "QP.07"]
[Time "13:01:47"]
[TimeControl "900+5"]

1. d4 Nf6 2. Bg5 d5 3. e3 c5 4. c3 Nc6 5. Bd3 Qb6 6. Qc1 e5 7. dxe5 Nxe5 8.
Be2 Bf5 9. Bxf6 Qxf6 10. Qd2 O-O-O 11. Nf3 Nc4 12. Qc1 g5 13. O-O g4 14.
Nfd2 Ne5 15. Na3 Bd6 16. b4 Rhg8 17. Nb5 Bb8 18. f4 gxf3 19. Nxf3 Be4 20.
Nbd4 Qh6 21. bxc5 Ng4 22. c6 Bxh2+ 23. Kh1 Bf4+ 24. Kg1 Bxe3+ 25. Qxe3 Qxe3+
26. Kh1 Rd6 27. cxb7+ Kb8 28. Nh2 Nf2+ 29. Rxf2 Qxf2 30. Bf3 Bxf3 31. Rg1
Bxg2+ 32. Rxg2 Qxg2# {White checkmated} 0-1

[Event "ICC tourney 2069 (15 5)"]
[Site "Internet Chess Club"]
[Date "2020.10.18"]
[Round "2"]
[White "volver"]
[Black "premierchess"]
[Result "0-1"]
[ICCResult "White resigns"]
[WhiteElo "1594"]
[BlackElo "2153"]
[Opening "Queen's pawn: Yusupov-Rubinstein system"]
[ECO "A46"]
[NIC "QP.06"]
[Time "13:01:17"]
[TimeControl "900+5"]

1. d4 Nf6 2. Nf3 e6 3. e3 c5 4. c3 b6 5. Bd3 Bb7 6. O-O Be7 7. Nbd2 d6 8. e4
cxd4 9. cxd4 Nbd7 10. Re1 O-O 11. Nf1 Re8 12. Ng3 Rc8 13. Bd2 Rc7 14. Qe2
Qa8 15. Rac1 Rec8 16. h3 Rxc1 17. Rxc1 Rxc1+ 18. Bxc1 Bf8 19. Bd2 d5 20. e5
Ne4 21. Ng5 Nxg5 22. Bxg5 Qc8 23. Qh5 g6 24. Qd1 Ba6 25. Nf1 Bxd3 26. Qxd3
Qc4 27. Qxc4 dxc4 28. Nd2 b5 29. Kf1 Nb6 30. Ke2 Nd5 31. Nb1 a5 32. Nc3 b4
33. Nxd5 exd5 34. Bd2 a4 35. Kd1 b3 36. axb3 cxb3 37. Kc1 Be7 38. f4 Kf8 39.
g4 Ke8 40. f5 Kd7 41. f6 Bf8 42. g5 Ke6 43. Be1 Kf5 44. h4 Ke4 45. Bf2 Kf3
46. Be1 Ke3 47. Bc3 Kd3 48. Kb1 a3 49. Ka1 Kc2 {White resigns} 0-1

[Event "ICC tourney 2069 (15 5)"]
[Site "Internet Chess Club"]
[Date "2020.10.18"]
[Round "2"]
[White "dcole"]
[Black "JadeTooth"]
[Result "1-0"]
[ICCResult "Black checkmated"]
[WhiteElo "1579"]
[BlackElo "1507"]
[Opening "Réti opening"]
[ECO "A04"]
[NIC "QP.11"]
[Time "13:01:47"]
[TimeControl "900+5"]

1. Nf3 Nc6 2. b3 e5 3. e4 d6 4. Bb2 Be7 5. Bb5 Bd7 6. O-O a6 7. Be2 Nf6 8.
d3 O-O 9. Nbd2 Be6 10. Re1 Nd7 11. Nf1 f5 12. exf5 Bxf5 13. Ng3 Bg6 14. Bf1
Nf6 15. d4 exd4 16. Nxd4 Nxd4 17. Bxd4 Qd7 18. Bc4+ Bf7 19. Bd3 h6 20. Nf5
Rfe8 21. Qf3 Be6 22. Nxh6+ gxh6 23. Bxf6 Rf8 24. Qg3+ Kf7 25. Qg6#
{Black checkmated}
1-0

[Event "ICC tourney 2069 (15 5)"]
[Site "Internet Chess Club"]
[Date "2020.10.18"]
[Round "2"]
[White "skyler-kelly"]
[Black "NightMovesTN"]
[Result "0-1"]
[ICCResult "White resigns"]
[WhiteElo "1468"]
[BlackElo "2230"]
[Opening "Queen's pawn: London system"]
[ECO "A45"]
[NIC "QP.07"]
[Time "13:01:25"]
[TimeControl "900+5"]

1. d4 Nf6 2. Bf4 b6 3. Nf3 Bb7 4. e3 e6 5. Bd3 h6 6. h3 d6 7. c3 Nbd7 8. Bc2
g5 9. Bg3 Ne4 10. Bh2 f5 11. Nbd2 Ndf6 12. Nxe4 Bxe4 13. Bxe4 Nxe4 14. Nd2
Nxd2 15. Qh5+ Kd7 16. Kxd2 Qe8 17. Qe2 Bg7 18. f4 Kc8 19. Qa6+ Kb8 20. a4
Qc6 21. Rhg1 Rg8 22. a5 gxf4 23. Bxf4 Bf6 24. g3 e5 25. axb6 axb6 26. Qxa8+
Qxa8 27. Rxa8+ Kxa8 28. dxe5 dxe5 29. Bxh6 Rh8 30. g4 fxg4 31. hxg4 Rxh6 32.
g5 Rh2+ 33. Kd3 Bg7 34. b3 Rh4 35. g6 Kb7 36. Rg5 b5 37. c4 bxc4+ 38. bxc4
Kc6 39. e4 Rh3+ 40. Ke2 Kc5 41. Kf2 Kxc4 42. Rf5 Rh6 43. Rg5 Kd4 44. Kf3 c5
45. Rg2 c4 46. Rd2+ Kc5 47. Rd5+ Kc6 48. Ra5 Kb6 49. Ra4 Kb5 50. Ra1 Rxg6
51. Rb1+ Kc5 52. Rd1 c3 53. Rd7 c2 {White resigns} 0-1

[Event "ICC tourney 2069 (15 5)"]
[Site "Internet Chess Club"]
[Date "2020.10.18"]
[Round "2"]
[White "blackjack721"]
[Black "OnseySeyon"]
[Result "0-1"]
[ICCResult "White checkmated"]
[WhiteElo "1477"]
[BlackElo "1838"]
[Opening "Sicilian: Grand Prix attack"]
[ECO "B21"]
[NIC "SI.48"]
[Time "13:01:47"]
[TimeControl "900+5"]

1. e4 c5 2. f4 d6 3. Nf3 Nc6 4. c3 Bg4 5. d4 cxd4 6. cxd4 e6 7. Be2 Nf6 8.
Qd3 Be7 9. Nc3 O-O 10. a3 Rc8 11. O-O Qb6 12. Be3 Qb3 13. Rab1 e5 14. fxe5
dxe5 15. Nd2 Bxe2 16. Qxe2 Qb6 17. dxe5 Bc5 18. exf6 Bxe3+ 19. Kh1 Bxd2 20.
Qg4 Bh6 21. Rf3 Ne5 22. Qg3 Nxf3 23. gxf3 Rxc3 24. Rg1 Qe3 25. bxc3 Rd8 26.
Qh3 g6 27. Qg4 Rd3 28. Qc8+ Bf8 29. Rg3 Qf2 30. Rxg6+ hxg6 31. Qg4 Rd1+ 32.
Qg1 Qxg1# {White checkmated} 0-1

[Event "ICC tourney 2069 (15 5)"]
[Site "Internet Chess Club"]
[Date "2020.10.18"]
[Round "2"]
[White "Yeeterino0103"]
[Black "ARJUNCHESS05"]
[Result "1-0"]
[ICCResult "Black checkmated"]
[WhiteElo "1381"]
[BlackElo "1386"]
[Opening "Queen's pawn"]
[ECO "A40"]
[NIC "QO.17"]
[Time "13:01:10"]
[TimeControl "900+5"]

1. d4 f6 2. Nf3 b6 3. Bf4 Bb7 4. e3 g5 5. Bg3 Nh6 6. Bc4 d5 7. Bb5+ c6 8.
Bd3 Ba6 9. Bxa6 Nxa6 10. Qd3 Nc7 11. h3 Bg7 12. O-O O-O 13. Nbd2 Nb5 14. c4
dxc4 15. Qxc4+ Nf7 16. Qxc6 Nc7 17. Bxc7 Qc8 18. Rac1 h5 19. Bh2 Qxc6 20.
Rxc6 Nd8 21. Rc7 Re8 22. Rfc1 Ne6 23. R7c6 Nd8 24. Rc8 Rxc8 25. Rxc8 Kf8 26.
Rc7 g4 27. hxg4 hxg4 28. Nh4 Ne6 29. Rxa7 Ng5 30. Ng6+ Kf7 31. Nh4 Rc8 32.
Bg3 Rc2 33. Nb3 Rxb2 34. Bd6 Bf8 35. Ba3 Rxa2 36. Nf5 Ne4 37. Nh6+ Kg7 38.
Nf5+ Kf7 39. Nxe7 Bxe7 40. Rxe7+ Kg6 41. Rxe4 Rxa3 42. Nd2 f5 43. Re6+ Kg5
44. Rxb6 Ra1+ 45. Nf1 Kh4 46. g3+ Kg5 47. Rb5 Re1 48. d5 f4 49. d6+ Kf6 50.
exf4 Rd1 51. Rb6 Ke6 52. Kg2 Rxd6 53. Rxd6+ Kxd6 54. Ne3 Ke6 55. Nxg4 Kf5
56. Kf3 Kg6 57. Ne5+ Kf5 58. g4+ Kf6 59. Ke4 Ke6 60. g5 Ke7 61. Kf5 Kf8 62.
Kf6 Kg8 63. Nd7 Kh7 64. g6+ Kg8 65. g7 Kh7 66. Kf7 Kh6 67. g8=Q Kh5 68. Qg5#
{Black checkmated}
1-0

[Event "ICC tourney 2069 (15 5)"]
[Site "Internet Chess Club"]
[Date "2020.10.18"]
[Round "2"]
[White "moneymo"]
[Black "jackthebest007"]
[Result "1-0"]
[ICCResult "Black checkmated"]
[WhiteElo "1356"]
[BlackElo "1355"]
[Opening "Hammerschlag (Fried fox/Pork chop opening)"]
[ECO "A00"]
[Time "13:01:14"]
[TimeControl "900+5"]

1. f3 e5 2. Kf2 Bc5+ 3. e3 Nf6 4. c3 d6 5. b4 Bb6 6. a4 c6 7. a5 Bc7 8. e4
Be6 9. c4 b6 10. Qa4 Bd7 11. Bb2 c5 12. b5 a6 13. axb6 Bxb6 14. Qb3 O-O 15.
bxa6 Nxa6 16. Nc3 Nb4 17. Rxa8 Qxa8 18. h4 Qc6 19. h5 h6 20. Be2 Re8 21. g4
Rb8 22. Nh3 Be8 23. Ra1 Bd7 24. Kg3 Kf8 25. Nb5 Ke7 26. Bc3 Ke6 27. d3 Ke7
28. f4 exf4+ 29. Nxf4 g5 30. hxg6 fxg6 31. Nxg6+ Ke6 32. Rf1 Ng8 33. Bxb4
cxb4 34. c5+ d5 35. exd5+ Qxd5 36. Nf4+ Ke7 37. Nxd5+ Ke8 38. Nd6+ Kd8 39.
Rf8+ Be8 40. Nf7+ Kd7 41. Nxb6+ Kc6 42. Qd5+ Kb5 43. d4+ Ka5 44. Qa2+ Ba4
45. Qxa4# {Black checkmated} 1-0

[Event "ICC tourney 2069 (15 5)"]
[Site "Internet Chess Club"]
[Date "2020.10.18"]
[Round "2"]
[White "CastledQueen"]
[Black "ROWLAND"]
[Result "1-0"]
[ICCResult "Black resigns"]
[WhiteElo "1678"]
[BlackElo "1676"]
[Opening "Philidor: Steinitz variation"]
[ECO "C41"]
[NIC "KP.10"]
[Time "13:01:47"]
[TimeControl "900+5"]

1. e4 e5 2. Nf3 d6 3. Bc4 Be7 4. c3 Nf6 5. Qe2 O-O 6. d4 Nbd7 7. h3 c6 8.
Be3 a5 9. Bg5 b5 10. Bd3 h6 11. Bh4 Nh7 12. Bg3 f6 13. Nbd2 Ng5 14. Nh4 Kh7
15. f4 Ne6 16. d5 Nxf4 17. Bxf4 exf4 18. e5+ Kg8 19. e6 Ne5 20. Bc2 cxd5 21.
Bf5 Ba6 22. b4 axb4 23. cxb4 Qb6 24. Ng6 Nxg6 25. Bxg6 Qd4 26. Rb1 Rfc8 27.
Bf7+ Kh8 28. Nf3 Qc3+ 29. Kf2 Rc4 30. Bg6 Rac8 31. Rhd1 d4 32. Rb3 d3 33.
Rxd3 Qc1 34. Rd1 Rc2 35. Bxc2 Qxc2 36. Rd2 Qc1 37. Nh4 Qc7 38. Ng6+ Kg8 39.
Nxf4 Qb6+ 40. Kg3 Rc1 41. Nd5 Qd8 42. Qg4 f5 43. Qg6 Bh4+ 44. Kh2 Be1 45.
Re2 f4 46. e7 Bg3+ 47. Rxg3 fxg3+ 48. Kxg3 {Black resigns} 1-0

[Event "ICC tourney 2069 (15 5)"]
[Site "Internet Chess Club"]
[Date "2020.10.18"]
[Round "2"]
[White "RM26"]
[Black "alanl"]
[Result "0-1"]
[ICCResult "White resigns"]
[WhiteElo "1428"]
[BlackElo "1818"]
[Opening "Benko's opening"]
[ECO "A00"]
[NIC "VO.09"]
[Time "13:01:47"]
[TimeControl "900+5"]

1. g3 c5 2. Bg2 Nc6 3. e3 g6 4. Ne2 Bg7 5. O-O Nf6 6. Nbc3 O-O 7. d4 d6 8.
dxc5 dxc5 9. Bxc6 bxc6 10. e4 Qc7 11. Bf4 e5 12. Bg5 Be6 13. Na4 Qa5 14.
Nac3 Rad8 15. Qe1 Qb4 16. b3 Rd6 17. Bd2 Nxe4 18. Nxe4 Qxe4 19. c3 Bh3 20.
f3 Qd3 21. Rf2 Qxd2 22. Qxd2 Rxd2 23. b4 cxb4 24. cxb4 Rfd8 25. Nc3 Rxf2 26.
Kxf2 e4 27. Nxe4 Bxa1 28. Ng5 Rd2+ 29. Ke3 Rxh2 30. Ne4 Rxa2 31. Ng5 Bf1 32.
Ke4 Bf6 33. f4 Bxg5 34. fxg5 Ra4 35. Ke5 Rxb4 {White resigns} 0-1

[Event "ICC tourney 2069 (15 5)"]
[Site "Internet Chess Club"]
[Date "2020.10.18"]
[Round "2"]
[White "AlphaTomato"]
[Black "Ritvik08"]
[Result "0-1"]
[ICCResult "White checkmated"]
[WhiteElo "1324"]
[BlackElo "1077"]
[Opening "Petrov's defense"]
[ECO "C42"]
[NIC "RG.03"]
[Time "13:01:03"]
[TimeControl "900+5"]

1. e4 e5 2. Nf3 Nf6 3. Nxe5 Nc6 4. Nxc6 dxc6 5. Nc3 Bc5 6. Be2 Qd4 7. O-O
O-O 8. Bf3 Re8 9. d3 Bb4 10. Be3 Qe5 11. d4 Qa5 12. Bg5 Bxc3 13. bxc3 Nxe4
14. Bxe4 Rxe4 15. Bd2 Rg4 16. h3 Rg6 17. c4 Qf5 18. Re1 Be6 19. Re3 Bxc4 20.
Rf3 Qh5 21. Ra3 Qh4 22. Qf3 Bd5 23. Qf4 Rxg2+ 24. Kf1 Qxf4 25. Bxf4 Rg6 26.
Bxc7 Re8 27. Bg3 h5 28. h4 Re4 29. Rxa7 Bc4+ 30. Kg1 Rxh4 31. Kg2 Bd5+ 32.
f3 Rxd4 33. Ra8+ Kh7 34. Re8 Rd2+ 35. Kh3 Bxf3 36. Rg1 Bg4+ 37. Kh4 Rd4 38.
Be5 Re4 39. Rxg4 Rgxg4+ 40. Kxh5 Rh4+ 41. Kg5 f6+ 42. Kf5 Rxe5+ 43. Rxe5
Rh5+ 44. Ke4 Rxe5+ 45. Kd4 g5 46. c4 g4 47. c5 g3 48. a4 g2 49. a5 g1=Q+ 50.
Kc4 Qc1+ 51. Kb4 Re4+ 52. Kb3 Qb1+ 53. Ka3 Re3+ 54. Ka4 Qb3# {White
checkmated} 0-1

[Event "ICC tourney 2069 (15 5)"]
[Site "Internet Chess Club"]
[Date "2020.10.18"]
[Round "2"]
[White "rhohn"]
[Black "musk6868"]
[Result "0-1"]
[ICCResult "White forfeits on time"]
[WhiteElo "981"]
[BlackElo "2063"]
[Opening "French: advance, Paulsen attack"]
[ECO "B22"]
[NIC "SI.46"]
[Time "13:01:47"]
[TimeControl "900+5"]

1. e4 c5 2. c3 d5 3. e5 Nc6 4. d4 e6 5. Nf3 Nge7 6. a3 Ng6 7. b4 cxd4 8.
cxd4 Be7 9. g3 O-O 10. h4 f6 11. h5 Nh8 12. g4 Nf7 13. h6 g6 14. Bd3 fxe5
15. Bxg6 hxg6 16. Qc2 Kh7 {White forfeits on time} 0-1

[Event "ICC tourney 2069 (15 5)"]
[Site "Internet Chess Club"]
[Date "2020.10.18"]
[Round "2"]
[White "jkpoet777"]
[Black "agangal1"]
[Result "1-0"]
[ICCResult "Black resigns"]
[WhiteElo "1186"]
[BlackElo "1321"]
[Opening "Giuoco Piano"]
[ECO "C50"]
[NIC "IG.02"]
[Time "13:01:47"]
[TimeControl "900+5"]

1. e4 e5 2. Nf3 Nc6 3. Bc4 Bc5 4. O-O Nf6 5. d3 O-O 6. Bg5 h6 7. Bh4 Be7 8.
Nc3 Nd4 9. Nxd4 exd4 10. Ne2 c5 11. c3 dxc3 12. Nxc3 Nxe4 13. Bxe7 Nxc3 14.
Bxd8 Nxd1 15. Be7 Re8 16. Bxc5 Nxb2 17. Rfe1 Rxe1+ 18. Rxe1 Nxc4 19. dxc4
Kh7 20. Re7 f6 21. Bd4 d6 22. Bxf6 h5 23. Rxg7+ Kh6 24. Rg8 b6 25. Be7 Bb7
26. Rxa8 Bxa8 27. Bxd6 a6 28. a4 Bc6 29. c5 bxc5 30. Bxc5 Bxa4 31. f4 Bb5
32. g3 Kg6 33. Kf2 a5 34. Kf3 a4 35. Ke4 Bc6+ 36. Ke5 Bb5 37. Ke6 Bc4+ 38.
Ke5 Kf7 39. f5 Bd3 40. h3 Bf1 41. h4 Bg2 42. Kf4 Bd5 43. Kg5 Be6 44. f6 Bd7
45. Bd4 a3 46. Kxh5 a2 47. Kg5 Be8 48. h5 Ke6 49. h6 Kd5 50. h7 Kxd4 51.
h8=Q a1=Q 52. f7+ Kd3 53. Qxa1 Bxf7 54. Qf6 {Black resigns} 1-0

[Event "ICC tourney 2069 (15 5)"]
[Site "Internet Chess Club"]
[Date "2020.10.18"]
[Round "2"]
[White "Roger436"]
[Black "spellking98"]
[Result "0-1"]
[ICCResult "White forfeits on time"]
[WhiteElo "1710"]
[BlackElo "2107"]
[Opening "Pirc: classical (two knights) system"]
[ECO "B08"]
[NIC "PU.10"]
[Time "13:01:34"]
[TimeControl "900+5"]

1. e4 d6 2. d4 Nf6 3. Nc3 g6 4. Nf3 Bg7 5. Bf4 O-O 6. Qd2 c6 7. h4 Qa5 8.
O-O-O b5 9. e5 b4 10. Nb1 dxe5 11. dxe5 Nd5 12. Bh6 Qxa2 13. Bxg7 Kxg7 14.
h5 Bf5 15. hxg6 fxg6 16. Nd4 h5 17. Qg5 b3 {White forfeits on time} 0-1